 Dungeon Crawl Stone Soup version 0.29-a0-207-gf982a884d8 (webtiles) character file.

Game seed: 3941430788681515724

3468 spaghetti the Slicer (level 9, -1/61 HPs)
             Began as a Demonspawn Hunter on Feb 24, 2022.
             Was an Initiate of Gozag.
             Slain by a boulder beetle (32 damage)
             ... on level 8 of the Dungeon.
             The game lasted 00:11:06 (7203 turns).

spaghetti the Slicer (Demonspawn Hunter)            Turns: 7203, Time: 00:11:06

Health: -1/61      AC: 10    Str: 21    XL:     9   Next: 79%
Magic:  9/9        EV: 11    Int: 12    God:    Gozag
Gold:   875        SH:  0    Dex: 20    Spells: 8/8 levels left

rFire   . . .      SeeInvis .   a - +4 long sword of the Toadstool {venom, Will+ Dex+4, long}
rCold   . . .      Faith    .   (no shield)
rNeg    . . .      Spirit   .   i - quicksilver dragon scales {rare}
rPois   .          Reflect  .   n - +0 helmet "Kecw" {Str+4 Dex+2}
rElec   .          Harm     .   (no cloak)
rCorr   .          Rampage  .   (no gloves)
Will    ++...                   (no boots)
Stlth   +.........              (no amulet)
HPRegen 0.20/turn               e - ring of flight
MPRegen 0.11/turn               (no ring)

@: flying, studying Short Blades
A: powered by pain 2, spiny 2, demonic touch 1
a: Renounce Religion, Potion Petition, Call Merchant, Bribe Branch


You were on level 8 of the Dungeon.
You worshipped Gozag.
Gozag was pleased with you.
You visited 2 branches of the dungeon, and saw 9 of its levels.

You collected 933 gold pieces.
You paid 58 gold pieces to Gozag.


Innate Abilities, Weirdness & Mutations

You sometimes gain power by taking damage.
You are mostly covered in sharp spines.
Your touch may inflict minor irresistible damage on your foes.


   Skills:
 - Level 2.0 Fighting
 + Level 11.2 Short Blades
 - Level 10.8 Crossbows
 - Level 1.8 Dodging
 - Level 0.9 Stealth


You had 8 spell levels left.
You didn't know any spells.
Your spell library contained the following spells:

 Spells                   Type           Power      Damage    Failure   Level
 Static Discharge         Conj/Air       0%         N/A       63%         2
 Sublimation of Blood     Necr           0%         N/A       63%         2
 Wereblood                Tmut           0%         N/A       63%         2
 Frozen Ramparts          Ice            0%         1d2       86%         3
 Gell's Gravitas          Tloc           0%         N/A       86%         3
 Ozocubu's Armour         Ice            0%         N/A       86%         3
 Teleport Other           Tloc           0%         N/A       86%         3
 Ice Form                 Ice/Tmut       0%         N/A       99%         4
 Summon Ice Beast         Ice/Summ       0%         N/A       99%         4
 Lightning Bolt           Conj/Air       0%         1d11      100%        5
 Dispersal                Tloc           0%         N/A       100%        6
 Ozocubu's Refrigeration  Ice            0%         4d5       100%        7
 Summon Hydra             Summ           0%         N/A       100%        7
 Maxwell's Capacitive Co  Air            0%         ∞         100%        8

Inventory:

Hand Weapons
 a - the +4 long sword of the Toadstool (weapon) {venom, Will+ Dex+4, long}
   (You found it on level 7 of the Dungeon)

   It poisons the flesh of those it strikes.
   Dex:       It affects your dexterity (+4).
   Will:      It increases your willpower.
 b - a +0 arbalest {crossbow}
   (You found it on level 3 of the Dungeon)
 J - a +1 dagger of electrocution {short}
   (You took it off an orc on level 4 of the Dungeon)
Missiles
 c - 280 stones {throwing}
 m - 3 throwing nets {=f!fthrowing}
 q - 16 poisoned darts {throwing}
 C - 2 atropa-tipped darts {throwing}
Armour
 i - quicksilver dragon scales (worn) {rare}
   (You found it on level 1 of the Dungeon)
 n - the +0 helmet "Kecw" (worn) {Str+4 Dex+2}
   (You acquired it on level 5 of the Dungeon)

   Str:       It affects your strength (+4).
   Dex:       It affects your dexterity (+2).
 o - a +0 leather armour
 D - a +0 plate armour
   (You found it on level 4 of the Dungeon)
Magical Staves
 g - a staff of death {!astaff}
   (You found it on level 3 of the Dungeon)
 z - a staff of air {!astaff}
   (You found it on level 3 of the Dungeon)
Jewellery
 e - a ring of flight (left hand)
   (You found it on level 3 of the Dungeon)
 j - a ring of ice
   (You found it on level 1 of the Dungeon)
 A - an amulet of magic regeneration {@e2}
   (You took it off an orc on level 3 of the Dungeon)
 H - a ring of positive energy
   (You found it on level 5 of the Dungeon)
Wands
 r - a wand of paralysis (6)
   (You found it on level 7 of the Dungeon)
 x - a wand of acid (6)
   (You found it on level 3 of the Dungeon)
 E - a wand of flame (22)
   (You found it on level 4 of the Dungeon)
Scrolls
 d - 2 scrolls of noise {unknown}
 p - 5 scrolls of magic mapping {unknown}
 s - a scroll of blinking {unknown}
 t - a scroll of summoning {unknown}
 u - 3 scrolls of teleportation {unknown}
 v - 4 scrolls of identify {unknown}
 w - a scroll of enchant weapon {unknown}
 y - a scroll of fear {unknown}
 F - a scroll of amnesia {unknown}
 G - a scroll of brand weapon {unknown}
 I - a scroll of enchant armour {unknown}
 K - 4 scrolls of immolation {unknown}
Potions
 f - 2 potions of curing {@q1}
 h - a potion of degeneration {!q@e2}
 k - a potion of cancellation
 l - a potion of magic
 B - a potion of brilliance
 L - a potion of lignification {!q}

Dungeon Overview and Level Annotations

Branches:
Dungeon (8/15)             Temple (1/1) D:4
   Lair: D:8-11

Altars:
Ashenzari
Dithmenos
Elyvilon
Fedhas
Gozag
Makhleb
Qazlal
Ru
Sif Muna
Trog
Uskayaw
Wu Jian
Xom
Yredelemnul
Zin

Shops:
D:1

: #..##..##..##}##
#.#.##..##..###..##.
#.##.##..##..#..##.#
###.###.##..##...##.#
#.....##.##..##c##.#
#.#.#.....##°.###.#
#.#.#.##...##°○#..# #
#.#.###...##cB..#
#.#.# ##...#@..#
....# ##.....## ..###
##...## ### #####


You could see a boulder beetle (rolling) and 2 centaur warriors.


Message History

You now have 837 gold pieces (gained 9).
Key pressed, stopping explore.
You see here an orb of mayhem.
You see here a +0 short sword {short}.
A sky beast comes into view. 😎 HP[+2]
Your hp is fully restored (61).
A sky beast is nearby!
There is an escape hatch in the ceiling here.
The helpless sky beast fails to defend itself.
You slash the sky beast!
The sky beast looks as sick as possible!
The sky beast is struck by your spines. The sky beast hits you.
The sky beast shocks you. 😕 HP[-8]
You take 8 damage, and now have 53/61 hp.
You slash the sky beast!
You kill the sky beast!
No target in view!
No target in view!
No target in view!
No target in view!
No target in view!
No target in view!
No target in view!
No target in view!
No target in view!
You now have 850 gold pieces (gained 13).
Key pressed, stopping explore.
There is a stone staircase leading up here.
Found an escape hatch in the floor. 😎 HP[+8]
Your hp is fully restored (61).
There is an escape hatch in the floor here.
L - a potion of lignification {!q} No target in view!
You now have 860 gold pieces (gained 10).
Found a stone staircase leading down.
A sky beast comes into view.
A sky beast is nearby!
You closely miss the sky beast. The sky beast barely misses you.
You closely miss the sky beast. The sky beast is struck by your spines.
The sky beast misses you.
You barely miss the sky beast. The sky beast is struck by your spines.
The sky beast hits you but does no damage.
You barely miss the sky beast. Your touch misses the sky beast.
The sky beast barely misses you.
You barely miss the sky beast. The sky beast is struck by your spines.
The sky beast hits you but does no damage.
You hit the sky beast.
The sky beast is poisoned.
You kill the sky beast!
Your Short Blades skill increases to level 11!
No target in view!
No target in view!
No target in view!
No target in view!
You now have 875 gold pieces (gained 15).
Done exploring.
Done exploring.
Done exploring.
No target in view!
Done exploring.
(D) Dungeon (T) Temple
Where to? (Enter - D:7, ? - help)
There is a stone staircase leading down here.
You fly downwards.
There is a stone staircase leading up here.
Unknown command.
Unknown command.
The centaur warrior shouts!
A centaur warrior comes into view.
The centaur warrior shouts!
A centaur warrior is nearby!
A centaur warrior is nearby!
A boulder beetle is nearby!
A boulder beetle is nearby!
The centaur warrior wields a +0 shortbow.
The centaur warrior shoots an arrow.
The arrow hits you! 😕 HP[-13]
You take 13 damage, and now have 48/61 hp.
MASSIVE DAMAGE!! (PAUSE)
The boulder beetle curls into a ball and begins rolling!
The centaur warrior unwields a +0 shortbow.
The centaur warrior is struck by your spines.
The centaur warrior hits you but does no damage.
The centaur warrior barely misses you.
You hit the centaur warrior. The centaur warrior hits you.
The centaur warrior barely misses you. 😮 HP[-3]
You take 3 damage, and now have 45/61 hp.
You hit the centaur warrior.
The centaur warrior is poisoned.
The centaur warrior hits you!
The centaur warrior kicks you but does no damage.
The centaur warrior hits you.
The centaur warrior completely misses you.
The boulder beetle is struck by your spines.
The boulder beetle hits you!!
Ouch! That really hurt!
You die...
Your body crumbles into a pile of gold.

Skill      XL: |  1  2  3  4  5  6  7  8  9 |
---------------+----------------------------+-----
Crossbows      | 4 5 6 7 8 9 10 | 10.8
Short Blades   | 4 10 11 | 11.2
Fighting       | |  2.0
Dodging        | |  1.8
Stealth        | |  0.9

Action                   |  1- 3 |  4- 6 |  7- 9 || total
-------------------------+-------+-------+-------++-------
Melee: Dagger            |       |     5 |   186 ||   191
       Touch             |       |     1 |    39 ||    40
       Punch             |       |       |     1 ||     1
       Long sword        |       |       |    22 ||    22
 Fire: Hand crossbow     |    94 |    96 |    46 ||   236
       Arbalest          |       |    43 |    14 ||    57
  Use: Potion            |       |     2 |    10 ||    12
       Scroll            |       |       |     1 ||     1
 Stab: Sleeping          |       |       |     3 ||     3
       Distracted        |       |       |     1 ||     1
Armor: Leather armour    |    11 |       |       ||    11
       Quicksilver drago |     7 |    27 |    39 ||    73
       Plate armour      |       |       |    35 ||    35
Dodge: Dodged            |    35 |    30 |    56 ||   121

Levels and vault maps discovered:
D:1:      co_arrival_random_square_maze, layout_basic, serial_shops,
          nicolae_shop_advertising_works [nicolae_subvault_shop_adworks],
          chequers_serial_rivers_large_b, grunt_decor_one_mirror
D:2:      layout_rooms, dreamdust_ecumenical_altar_drowned_temple,
          hangedman_feature_mirror
D:3:      layout_loops_ring, lightli_temple_of_fire, minmay_divided_ellipse
D:4:      layout_rooms, elyvilon_altar_1, minmay_temple_entry_steel_oval,
          abandoned_shop, minmay_large_rounded_square, st_stairs_5,
          minmay_manual_macuahuitl, uniq_menkaure, uniq_sigmund,
          uniq_crazy_yiuf_cottage
D:5:      layout_basic, minmay_quadrilaterals, uniq_grinder
D:6:      layout_basic
D:7:      layout_loops_ring, kennysheep_doodads
D:8:      layout_loops_cross, grunt_lair_entry_orc_guard_hut, serial_shops,
          kennysheep_mini_moat, minmay_fountain_box, minmay_diamond_spiral
Temple:   mainiacjoe_temple_big_plus

Notes
Turn   | Place    | Note
-------+----------+-------------------------------------------
     0 | D:1      | spaghetti the Demonspawn Hunter began the quest for the
                  | Orb.
     0 | D:1      | Reached XP level 1. HP: 16/16 MP: 1/1
     0 | D:1      | magus.rc [v1.9.6]
   321 | D:1      | Reached skill level 4 in Crossbows
   321 | D:1      | Gained mutation: Your touch may inflict minor irresistible
                  | damage on your foes. [demonic ancestry]
   321 | D:1      | Reached XP level 2. HP: 17/22 MP: 2/2
   579 | D:1      | Found Ussut's Book Boutique.
   760 | D:1      | i - quicksilver dragon scales {rare}
   771 | D:1      | You finish putting on your quicksilver dragon scales
                  | {rare}.
   917 | D:2      | Gained mutation: You are partially covered in sharp spines.
                  | [demonic ancestry]
   917 | D:2      | Reached XP level 3. HP: 25/27 MP: 3/3
   996 | D:2      | Reached skill level 5 in Crossbows
  1001 | D:2      | Reached XP level 4. HP: 15/33 MP: 4/4
  1272 | D:2      | Found a faded altar of an unknown god.
  1591 | D:2      | Reached XP level 5. HP: 38/38 MP: 5/5
  1868 | D:3      | Reached skill level 6 in Crossbows
  1942 | D:3      | Found a burning altar of Makhleb.
  1984 | D:3      | Noticed a sky beast
  2005 | D:3      | HP: 9/38 [something (6)]
  2007 | D:3      | Killed a sky beast
  2008 | D:3      | Gained mutation: You are mostly covered in sharp spines.
                  | [demonic ancestry]
  2008 | D:3      | Reached XP level 6. HP: 11/44 MP: 6/6
  2481 | D:3      | Reached skill level 7 in Crossbows
  2734 | D:3      | You add the spells Gell's Gravitas, Teleport Other and
                  | Dispersal to your library.
  2786 | D:3      | You pick up a book of Lightning and begin reading...
  2786 | D:3      | You add the spells Static Discharge, Lightning Bolt and
                  | Maxwell's Capacitive Coupling to your library.
  2974 | D:4      | Found a staircase to the Ecumenical Temple.
  2976 | D:4      | Noticed Menkaure
  2980 | D:4      | Killed Menkaure
  2981 | D:4      | Reached XP level 7. HP: 26/50 MP: 7/7
  2994 | Temple   | Entered the Ecumenical Temple
  3333 | Temple   | Became a worshipper of Gozag Ym Sagoz the Greedy
  3455 | D:4      | Noticed Sigmund
  3470 | D:4      | Reached skill level 8 in Crossbows
  3490 | D:4      | Killed Sigmund
  3712 | D:4      | You pick up a book of Blood and begin reading...
  3712 | D:4      | You add the spells Sublimation of Blood, Wereblood and
                  | Summon Hydra to your library.
  4259 | D:5      | Entered Level 5 of the Dungeon
  4264 | D:5      | Reached skill level 2 in Short Blades
  4324 | D:5      | Reached skill level 3 in Short Blades
  4453 | D:5      | Reached skill level 4 in Short Blades
  4453 | D:5      | Gained mutation: You sometimes gain a little power by
                  | taking damage. [demonic ancestry]
  4453 | D:5      | Reached XP level 8. HP: 48/56 MP: 8/8
  4528 | D:5      | Reached skill level 5 in Short Blades
  4813 | D:5      | Reached skill level 6 in Short Blades
  4899 | D:5      | Reached skill level 7 in Short Blades
  4911 | D:5      | Reached skill level 8 in Short Blades
  5098 | D:5      | Identified a scroll of acquirement
  5098 | D:5      | Acquired the +0 helmet "Kecw" {Str+4 Dex+2}
  5118 | D:5      | You finish taking off your quicksilver dragon scales
                  | {rare}.
  5175 | D:5      | Noticed Grinder
  5189 | D:5      | Reached skill level 9 in Short Blades
  5189 | D:5      | Paralysed by Grinder for 7 turns
  5202 | D:5      | Killed Grinder
  5429 | D:5      | Reached skill level 10 in Short Blades
  5447 | D:5      | Reached skill level 9 in Crossbows
  5447 | D:5      | Gained mutation: You sometimes gain power by taking damage.
                  | [demonic ancestry]
  5447 | D:5      | Reached XP level 9. HP: 61/61 MP: 9/9
  6028 | D:6      | Reached skill level 10 in Crossbows
  6484 | D:7      | You add the spells Ozocubu's Armour and Ozocubu's
                  | Refrigeration to your library.
  6588 | D:7      | Identified the +4 long sword of the Toadstool {venom, Will+
                  | Dex+4}
  6638 | D:7      | You pick up a book of Rime and begin reading...
  6638 | D:7      | You add the spells Frozen Ramparts, Ice Form and Summon Ice
                  | Beast to your library.
  6776 | D:7      | You finish putting on your quicksilver dragon scales
                  | {rare}.
  7132 | D:7      | Reached skill level 11 in Short Blades
  7175 | D:8      | Noticed a boulder beetle
  7177 | D:8      | Noticed a centaur warrior
  7180 | D:8      | Noticed a centaur warrior
  7203 | D:8      | Slain by a boulder beetle

Vanquished Creatures
  Grinder (D:5)
  Sigmund (D:4)
  Menkaure (D:4)
  A water moccasin (D:6)
  An orc warrior (D:6)
  7 sky beasts
  A black bear (D:5)
  A necrophage (D:7)
  A centaur (D:6)
  2 phantoms
  A kobold brigand (D:6)
  5 scorpions (D:5)
  6 bullfrogs
  2 water moccasin skeletons
  A bullfrog zombie (D:5)
  3 jellies
  2 centaur zombies
  An orc priest (D:4)
  2 centaur skeletons
  4 hounds
  A scorpion zombie (D:5)
  6 iguanas
  An orc wizard (D:6)
  A hound skeleton (D:5)
  4 gnolls (D:2)
  10 adders
  A shadow imp (D:7)
  A white imp (D:6)
  An ufetubus (D:5)
  2 adder skeletons (D:4)
  6 worms
  A dart slug (D:1)
  22 orcs
  4 ball pythons
  6 endoplasms
  2 giant cockroaches
  5 goblins
  7 hobgoblins
  6 jackals
  7 quokkas
  6 bats
  2 frilled lizards
  16 kobolds
  9 rats
  A spectral hobgoblin (D:2)
172 creatures vanquished.

Vanquished Creatures (others)
  An adder (D:5)
1 creature vanquished.

Grand Total: 173 creatures vanquished

Table legend:
 A = Non-vault XP
 B = Vault XP
 C = Vault XP percentage of total XP
 D = Non-vault monster count
 E = Vault monster count
 F = Vault count percentage of total count
                 A         B        C        D         E       F
            +---------+---------+-------+---------+---------+-------
      Total |    3698 |    1257 |  25.4 |     139 |      33 |  19.2
            +---------+---------+-------+---------+---------+-------
        D:1 |      30 |       0 |   0.0 |      17 |       0 |   0.0
        D:2 |     147 |      20 |  12.0 |      22 |       5 |  18.5
        D:3 |     226 |      97 |  30.0 |      25 |      13 |  34.2
        D:4 |     146 |     544 |  78.8 |      20 |       9 |  31.0
        D:5 |    1028 |     596 |  36.7 |      18 |       6 |  25.0
        D:6 |    1276 |       0 |   0.0 |      26 |       0 |   0.0
        D:7 |     845 |       0 |   0.0 |      11 |       0 |   0.0
            +---------+---------+-------+---------+---------+-------

Illustrated notes

Table legend:
 A = Kills in this place as a percentage of kills in entire the game.
 B = Kills by you in this place as a percentage of kills by you in the entire game.
 C = Kills by friends in this place as a percentage of kills by friends in the entire game.
 D = Other kills in this place as a percentage of other kills in the entire game.
 E = Experience gained in this place as a percentage of experience gained in the entire game.
 F = Experience gained in this place divided by the number of levels of this place that you have seen.
                   A       B       C       D       E      F
               +-------+-------+-------+-------+-------+----------------------
         Total | 100.0 | 100.0 |   N/A |   N/A | 100.0 | 550.6
       Dungeon | 100.0 | 100.0 |   N/A |   N/A | 100.0 | 619.4
               +-------+-------+-------+-------+-------+----------------------

Table legend: (Time is in decaauts)
 A = Elapsed time spent in this place.
 B = Non-inter-level travel time spent in this place.
 C = Inter-level travel time spent in this place.
 D = Time resting spent in this place.
 E = Time spent auto-exploring this place.
 F = Levels seen in this place.
 G = Mean time per level.
                   A        B        C        D        E       F      G
               +--------+--------+--------+--------+--------+-----+--------+
         Total |   7269 |   7063 |    206 |   1513 |   4503 |   9 |  807.7 |
       Dungeon |   6889 |   6721 |    168 |   1380 |   4306 |   8 |  861.1 |
        Temple |    380 |    342 |     38 |    133 |    197 |   1 |  380.0 |
               +--------+--------+--------+--------+--------+-----+--------+

Top non-repeatable levels by time:
     D:3: 1299 daAuts
     D:5: 1231 daAuts
     D:4: 1021 daAuts
     D:1: 959 daAuts
     D:6: 841 daAuts
     D:2: 761 daAuts
     D:7: 731 daAuts
  Temple: 380 daAuts
     D:8: 42 daAuts
